MLB
LAS VEGAS HUSTLE @ ST. LOUIS CARDINALS
07/23/2099
 
TOP OF THE 1ST
Las Vegas Hustle batting - Pitching for St. Louis Cardinals : RHP Josh Ruzic
Pitching: RHP Josh Ruzic
Batting: LHB Steve Lawler 0-0: Foul Ball, location: 2F
0-1: Ball
1-1: Ball
2-1: Fly out, F8 (Line Drive, 8RM, EV 100.6 MPH)
Batting: LHB Jeremy Marshall 0-0: Ball
1-0: Called Strike
1-1: Foul Ball, location: 7LDF
1-2: Strikes out swinging
Batting: RHB John Lopez 0-0: Foul Ball, location: 2F
0-1: Ball
1-1: Ground out 6-3 (Groundball, 6, EV 105.6 MPH)
Top of the 1st over - 0 runs, 0 hits, 0 errors, 0 left on base; Las Vegas 0 - St. Louis 0
BOTTOM OF THE 1ST
St. Louis Cardinals batting - Pitching for Las Vegas Hustle : RHP Edwin Villagomez
Pitching: RHP Edwin Villagomez
Batting: RHB Dave Mora 0-0: Ball
1-0: Called Strike
1-1: Ball
2-1: Called Strike
2-2: Fly out, F7 (Flyball, 78M, EV 78.8 MPH)
Batting: RHB Ben Frey 0-0: Swinging Strike
0-1: Fly out, F8 (Flyball, 8LM, EV 89.4 MPH)
Batting: SHB Bryan Smolka 0-0: Ball
1-0: Called Strike
1-1: TRIPLE (Line Drive, 78XD, EV 110.6 MPH)
Batting: RHB Ryan Collier 0-0: Called Strike
0-1: Ball
1-1: DOUBLE (Flyball, 8LXD, EV 95.0 MPH)
Bryan Smolka scores
Batting: LHB Jose Nieto 0-0: Ball
1-0: Ball
2-0: Ball
3-0: Base on Balls
Batting: LHB Ramon Lara 0-0: Fly out, F8 (Flyball, 8RM, EV 89.4 MPH)
Bottom of the 1st over - 1 run, 2 hits, 0 errors, 2 left on base; Las Vegas 0 - St. Louis 1
TOP OF THE 2ND
Las Vegas Hustle batting - Pitching for St. Louis Cardinals : RHP Josh Ruzic
Batting: LHB Jon Guzman 0-0: Called Strike
0-1: Fly out, F8 (Flyball, 78M, EV 95.6 MPH)
Batting: RHB Clint Hurley 0-0: Ball
1-0: Ball
2-0: Called Strike
2-1: Ball
3-1: Swinging Strike
3-2: SINGLE (Line Drive, 9S, EV 97.5 MPH)
Batting: SHB Jose Espinoza 0-0: Swinging Strike
0-1: Foul Ball, location: 7LDF
0-2: Ball
1-2: Ball
2-2: Fly out, F8 (Flyball, 8LD, EV 110.6 MPH)
Batting: RHB Leonardo Sosa 0-0: Ground out 5-3 (Groundball, 56S, EV 69.4 MPH)
Top of the 2nd over - 0 runs, 1 hit, 0 errors, 1 left on base; Las Vegas 0 - St. Louis 1
BOTTOM OF THE 2ND
St. Louis Cardinals batting - Pitching for Las Vegas Hustle : RHP Edwin Villagomez
Batting: RHB Brodie Herian 0-0: Ball
1-0: Called Strike
1-1: Fly out, F8 (Flyball, 8RM, EV 85.0 MPH)
Batting: RHB Caleb Harkcom 0-0: Foul Ball, location: 23F
0-1: Ground out 6-3 (Groundball, 6MD, EV 84.4 MPH)
Batting: RHB Jose Sanchez 0-0: Called Strike
0-1: Called Strike
0-2: Fly out, F8 (Flyball, 8LM, EV 83.8 MPH)
Bottom of the 2nd over - 0 runs, 0 hits, 0 errors, 0 left on base; Las Vegas 0 - St. Louis 1
TOP OF THE 3RD
Las Vegas Hustle batting - Pitching for St. Louis Cardinals : RHP Josh Ruzic
Batting: RHB Karl Robbins 0-0: Ball
1-0: Ball
2-0: Called Strike
2-1: SINGLE (Line Drive, 34D, EV 98.8 MPH)
Batting: RHB Tyler Ebert 0-0: Sac Bunt - play at second, runner OUT -> throw to first, DP!
Batting: LHB Steve Lawler 0-0: Ball
1-0: Swinging Strike
1-1: Swinging Strike
1-2: Ground out U3 (Groundball, 34S, EV 71.3 MPH)
Top of the 3rd over - 0 runs, 1 hit, 0 errors, 0 left on base; Las Vegas 0 - St. Louis 1
BOTTOM OF THE 3RD
St. Louis Cardinals batting - Pitching for Las Vegas Hustle : RHP Edwin Villagomez
Batting: RHB Dave Mora 0-0: Ball
1-0: Called Strike
1-1: Ball
2-1: Fly out, F9 (Flyball, 89S, EV 91.9 MPH)
Batting: RHB Ben Frey 0-0: Fly out, F8 (Flyball, 8LD, EV 94.4 MPH)
Batting: SHB Bryan Smolka 0-0: Ball
1-0: Foul Ball, location: 3DF
1-1: Ball
2-1: SINGLE (Line Drive, 8LS, EV 105.0 MPH)
Batting: RHB Ryan Collier 0-0: Called Strike
0-1: Ground out 4-3 (Groundball, 4, EV 105.0 MPH)
Bottom of the 3rd over - 0 runs, 1 hit, 0 errors, 1 left on base; Las Vegas 0 - St. Louis 1
TOP OF THE 4TH
Las Vegas Hustle batting - Pitching for St. Louis Cardinals : RHP Josh Ruzic
Batting: LHB Jeremy Marshall 0-0: Called Strike
0-1: Foul Ball, location: 2F
0-2: Ball
1-2: Fly out, F9 (Line Drive, 9S, EV 88.1 MPH)
Batting: RHB John Lopez 0-0: Foul Ball, location: 2F
0-1: Ball
1-1: Swinging Strike
1-2: Ball
2-2: Strikes out swinging
Batting: LHB Jon Guzman 0-0: Swinging Strike
0-1: Foul Ball, location: 23F
0-2: Foul Ball, location: 7LSFF
0-2: Ball
1-2: Ball
2-2: Ball
3-2: Ground out 6-3 (Groundball, 6M, EV 102.5 MPH)
Top of the 4th over - 0 runs, 0 hits, 0 errors, 0 left on base; Las Vegas 0 - St. Louis 1
BOTTOM OF THE 4TH
St. Louis Cardinals batting - Pitching for Las Vegas Hustle : RHP Edwin Villagomez
Batting: LHB Jose Nieto 0-0: Swinging Strike
0-1: Ball
1-1: Called Strike
1-2: Ball
2-2: Foul Ball, location: 23FF
2-2: Foul Ball, location: 23F
2-2: Ball
3-2: Foul Ball, location: 25F
3-2: Fly out, F8 (Flyball, 8LS, EV 95.0 MPH)
Batting: LHB Ramon Lara 0-0: Called Strike
0-1: Ground out 5-3 (Groundball, 56, EV 92.5 MPH)
Batting: RHB Brodie Herian 0-0: SINGLE (Line Drive, 8LS, EV 99.4 MPH)
Batting: RHB Caleb Harkcom 0-0: Swinging Strike
0-1: Ground out 1-3 (Groundball, 15S, EV 68.8 MPH)
Bottom of the 4th over - 0 runs, 1 hit, 0 errors, 1 left on base; Las Vegas 0 - St. Louis 1
TOP OF THE 5TH
Las Vegas Hustle batting - Pitching for St. Louis Cardinals : RHP Josh Ruzic
Batting: RHB Clint Hurley 0-0: Ball
1-0: Called Strike
1-1: Foul Ball, location: 3F
1-2: Ball
2-2: SINGLE (Line Drive, 8LS, EV 106.9 MPH)
Batting: SHB Jose Espinoza 0-0: Ball
1-0: Ball
2-0: Ball
3-0: Base on Balls
Clint Hurley to second
Batting: RHB Leonardo Sosa 0-0: Ball
1-0: Called Strike
1-1: Called Strike
1-2: Foul Ball, location: 2F
1-2: Strikes out swinging
Batting: RHB Karl Robbins 0-0: Ball
1-0: Ball
2-0: Called Strike
2-1: Ball
3-1: Base on Balls
Clint Hurley to third
Jose Espinoza to second
Batting: RHB Tyler Ebert 0-0: Swinging Strike
0-1: Ball
1-1: Ball
2-1: Swinging Strike
2-2: Fly out, F8 (Flyball, 8RD, EV 95.6 MPH)
Runner from 3rd tags up, SCORES, throw by CF
Jose Espinoza to third
Batting: LHB Steve Lawler 0-0: Called Strike
0-1: Ball
1-1: Fly out, F4 (Popup, 3D, EV 61.9 MPH)
Top of the 5th over - 1 run, 1 hit, 0 errors, 2 left on base; Las Vegas 1 - St. Louis 1
BOTTOM OF THE 5TH
St. Louis Cardinals batting - Pitching for Las Vegas Hustle : RHP Edwin Villagomez
Batting: RHB Jose Sanchez 0-0: Ball
1-0: Reached on error, E5 (Groundball, 56, EV 110.0 MPH)
Batting: RHB Dave Mora 0-0: Fly out, F8 (Flyball, 8LD, EV 104.4 MPH)
Batting: RHB Ben Frey 0-0: Ball
1-0: Fielders Choice at 2nd, 6-4 (Groundball, 56, EV 85.0 MPH)
Batting: SHB Bryan Smolka 0-0: Ball
1-0: Swinging Strike
1-1: 2-RUN HOME RUN (Flyball, 89XD, EV 98.8 MPH), Distance : 384 ft
Batting: RHB Ryan Collier 0-0: Ball
1-0: Ground out 5-3 (Groundball, 56, EV 79.4 MPH)
Bottom of the 5th over - 2 runs, 1 hit, 1 error, 0 left on base; Las Vegas 1 - St. Louis 3
TOP OF THE 6TH
Las Vegas Hustle batting - Pitching for St. Louis Cardinals : RHP Josh Ruzic
Batting: LHB Jeremy Marshall 0-0: Ball
1-0: Foul Ball, location: 2F
1-1: Foul Ball, location: 2F
1-2: Ball
2-2: Foul Ball, location: 2F
2-2: Ground out U3 (Groundball, 3, EV 98.1 MPH)
Batting: RHB John Lopez 0-0: Fly out, F7 (Flyball, 78M, EV 93.8 MPH)
Batting: LHB Jon Guzman 0-0: Ball
1-0: Ball
2-0: Ball
3-0: Called Strike
3-1: Swinging Strike
3-2: Base on Balls
Pitching: LHP Ivan Espinosa
Batting: RHB Clint Hurley 0-0: Called Strike
0-1: Foul Ball, location: 2F
0-2: Foul Ball, location: 9LMF
0-2: Strikes out looking
Top of the 6th over - 0 runs, 0 hits, 0 errors, 1 left on base; Las Vegas 1 - St. Louis 3
BOTTOM OF THE 6TH
St. Louis Cardinals batting - Pitching for Las Vegas Hustle : RHP Edwin Villagomez
Batting: LHB Jose Nieto 0-0: Called Strike
0-1: Swinging Strike
0-2: Ball
1-2: Ball
2-2: Foul Ball, location: 7LSF
2-2: Foul Ball, location: 2F
2-2: Foul Ball, location: 25F
2-2: SINGLE (Line Drive, 6D, EV 96.9 MPH)
Batting: LHB Ramon Lara 0-0: Swinging Strike
0-1: Ball
1-1: Ball
2-1: Foul Ball, location: 5FF
2-2: Foul Ball, location: 2F
2-2: SINGLE (Groundball, 3D, EV 97.5 MPH)
Jose Nieto to second
Runner from 2nd tries for 3rd, SAFE, throw by RF made to third
Batting: RHB Brodie Herian 0-0: Ball
1-0: Fly out, F6 (Popup, 6D, EV 63.8 MPH)
Batting: RHB Caleb Harkcom 0-0: SINGLE (Line Drive, 56, EV 109.4 MPH)
Jose Nieto scores
Ramon Lara to second
Batting: RHB Jose Sanchez 0-0: Called Strike
0-1: Ball
1-1: Ball
2-1: Foul Ball, location: 5DF
2-2: Ball
3-2: Grounds into double play, 6-4-3 (Groundball, 56, EV 85.6 MPH)
Bottom of the 6th over - 1 run, 3 hits, 0 errors, 1 left on base; Las Vegas 1 - St. Louis 4
TOP OF THE 7TH
Las Vegas Hustle batting - Pitching for St. Louis Cardinals : LHP Ivan Espinosa
Batting: SHB Jose Espinoza 0-0: Ball
1-0: Ball
2-0: Foul Ball, location: 2F
2-1: Called Strike
2-2: Foul Ball, location: 2F
2-2: Foul Ball, location: 5F
2-2: Foul Ball, location: 5F
2-2: Foul Ball, location: 5F
2-2: Foul Ball, location: 7LSF
2-2: Foul Ball, location: 5DF
2-2: Ball
3-2: Strikes out looking
Batting: RHB Leonardo Sosa 0-0: Ball
1-0: Ball
2-0: Ground out 6-3 (Groundball, 6, EV 88.1 MPH)
Batting: RHB Karl Robbins 0-0: Swinging Strike
0-1: Foul Ball, location: 2F
0-2: Strikes out looking
Top of the 7th over - 0 runs, 0 hits, 0 errors, 0 left on base; Las Vegas 1 - St. Louis 4
BOTTOM OF THE 7TH
St. Louis Cardinals batting - Pitching for Las Vegas Hustle : RHP Edwin Villagomez
Batting: RHB Dave Mora 0-0: Ball
1-0: Foul Ball, location: 7LDF
1-1: DOUBLE (Groundball, 5L, EV 106.9 MPH)
Batting: RHB Ben Frey 0-0: Ball
1-0: Swinging Strike
1-1: Ball
2-1: Fly out, F6 (Popup, 56, EV 68.8 MPH)
Batting: SHB Bryan Smolka 0-0: Intentional Walk
Batting: RHB Ryan Collier 0-0: Ball
1-0: Called Strike
1-1: Called Strike
1-2: Fly out, F7 (Flyball, 78M, EV 91.9 MPH)
Batting: LHB Jose Nieto 0-0: Foul Ball, location: 2F
0-1: Ball
1-1: Fielders Choice at 2nd, 6-4 (Groundball, 6, EV 82.5 MPH)
Bottom of the 7th over - 0 runs, 1 hit, 0 errors, 2 left on base; Las Vegas 1 - St. Louis 4
TOP OF THE 8TH
Las Vegas Hustle batting - Pitching for St. Louis Cardinals : LHP Ivan Espinosa
Batting: RHB Tyler Ebert 0-0: Called Strike
0-1: Ball
1-1: Swinging Strike
1-2: Strikes out swinging
Batting: LHB Steve Lawler 0-0: Ball
1-0: Ground out 4-3 (Groundball, 4, EV 86.9 MPH)
Batting: LHB Jeremy Marshall 0-0: Foul Ball, location: 2F
0-1: Ball
1-1: Called Strike
1-2: Ball
2-2: Ball
3-2: Ground out U3 (Groundball, 34, EV 87.5 MPH)
Top of the 8th over - 0 runs, 0 hits, 0 errors, 0 left on base; Las Vegas 1 - St. Louis 4
BOTTOM OF THE 8TH
St. Louis Cardinals batting - Pitching for Las Vegas Hustle : RHP Edwin Villagomez
Pitching: RHP Tim Berigan
Batting: LHB Ramon Lara 0-0: Ball
1-0: Called Strike
1-1: Ball
2-1: Fly out, F9 (Line Drive, 9S, EV 95.0 MPH)
Batting: RHB Brodie Herian 0-0: Called Strike
0-1: Ball
1-1: Swinging Strike
1-2: Ball
2-2: Foul Ball, location: 3DF
2-2: Foul Ball, location: 9LSF
2-2: Foul Ball, location: 9LSF
2-2: Strikes out swinging
Batting: RHB Caleb Harkcom 0-0: Ball
1-0: Called Strike
1-1: SINGLE (Line Drive, 78S, EV 91.9 MPH)
Batting: RHB Jose Sanchez 0-0: Ground out 4-3 (Groundball, 4, EV 87.5 MPH)
Bottom of the 8th over - 0 runs, 1 hit, 0 errors, 1 left on base; Las Vegas 1 - St. Louis 4
TOP OF THE 9TH
Las Vegas Hustle batting - Pitching for St. Louis Cardinals : LHP Ivan Espinosa
Pitching: RHP David Herman
Batting: RHB John Lopez 0-0: Called Strike
0-1: Called Strike
0-2: Ball
1-2: Ball
2-2: Ball
3-2: Base on Balls
Batting: LHB Jon Guzman 0-0: Called Strike
0-1: Ball
1-1: Foul Ball, location: 2LF
1-2: Foul Ball, location: 5DF
1-2: Ball
2-2: Foul Ball, location: 2F
2-2: DOUBLE (Groundball, 5L, EV 102.5 MPH)
John Lopez to third
Pinch Runner at 2nd Jason Strong:
Batting: RHB Clint Hurley 0-0: Ball
1-0: Ball
2-0: Ball
3-0: Called Strike
3-1: SINGLE (Line Drive, 9LM, EV 103.8 MPH)
John Lopez scores
Jason Strong to third
Batting: SHB Jose Espinoza 0-0: Ball
1-0: Called Strike
1-1: Fly out, F6 (Popup, 15, EV 78.8 MPH)
Pinch Hitting: LHB Victor Valdez 0-0: Called Strike
0-1: Fly out, F9 (Flyball, 9LM, EV 88.8 MPH)
Pinch Hitting: SHB Alberto Aguilar 0-0: Ball
1-0: Fly out, F8 (Flyball, 78M, EV 92.5 MPH)
Top of the 9th over - 1 run, 2 hits, 0 errors, 2 left on base; Las Vegas 2 - St. Louis 4
Sunday, May 12th , 2024 - OOTP Baseball 24.11 Build 85